 Dungeon Crawl Stone Soup version 0.30-b1-2-g02819fbbbe (webtiles) character file.

Game seed: 9488792880096574257

2354768 emiel the Impaler (level 27, 191/191 (192) HPs)
             Began as a Formicid Fighter on Jan 3, 2024.
             Was the Champion of Cheibriados.
             Escaped with the Orb
             ... and 4 runes on Jan 4, 2024!
             The game lasted 01:30:47 (68583 turns).

emiel the Impaler (Formicid Fighter)               Turns: 68583, Time: 01:30:48

HP:   191/191 (192) AC: 42    Str: 52    XL:     27
MP:   36/36         EV: 22    Int: 33    God:    Cheibriados [******]
Gold: 6288          SH: 15    Dex: 32    Spells: 21/44 levels left

rFire   + + .        R - +9 glaive (spect)
rCold   + + .        c - +0 kite shield {reflect}
rNeg    + + .        k - +11 gold dragon scales
rPois   +            (helmet unavailable)
rElec   +            p - scarf {repulsion}
rCorr   +            F - +2 pair of gloves {Str+3}
SInv    +            K - +4 pair of boots "Dethreut" {+Blink rPois}
Will    +++++        P - amulet of the Four Winds {rN+ Will+++ Clar} Stlth
                     C - ring "Veorr" {*Slow rElec rN+ Str+6 Dex+5}
HPRegen 0.51/turn    Q - ring of Beploent {rF+ rCorr Slay+6}
MPRegen 0.25/turn

%: slow self (1%), repel missiles, reflection, clarity
@: studying Staves, lightly drained, very slow
A: permanent stasis, dig shafts and tunnels, antennae 3, four strong arms, cold
resistance 1, frail 1, strong 1, subdued magic 2
0: Orb of Zot
}: 4/15 runes: barnacled, silver, abyssal, gossamer
a: Dig, Shaft Self, Renounce Religion, Bend Time, Temporal Distortion, Slouch,
Step From Time


You escaped.
You worshipped Cheibriados.
Cheibriados was exalted by your worship.
You visited 10 branches of the dungeon, and saw 48 of its levels.
You visited the Abyss 1 time.
You visited 1 bazaar.
You visited 1 ziggurat, and saw 5 of its levels.
You also visited: Sewer, Ossuary, Gauntlet, Ice Cave, Volcano and Desolation.

You collected 9091 gold pieces.
You spent 2803 gold pieces at shops.

Inventory:

Hand Weapons
 R - a +9 spectral glaive (weapon)
 Y - a +6 bardiche of flaming
Missiles
 j - 18 javelins
 u - 10 curare-tipped darts (quivered)
 V - 7 throwing nets
 W - 19 silver javelins
Armour
 c - a +0 kite shield of reflection (worn)
 f - the +5 Storm Queen's Shield {shock, Fly rElec}
   (You found it in the Desolation of Salt)

   Shock:     When it blocks an attack, it may electrocute the attacker.
   This works even against foes who are a short distance away.
   rElec:     It insulates you from electricity.
   Fly:       It grants you flight.
 k - +11 gold dragon scales (worn)
 p - a scarf of repulsion (worn)
 F - a +2 pair of gloves of strength (worn)
 K - the +4 pair of boots "Dethreut" (worn) {+Blink rPois}
   (You found it in the Desolation of Salt)

   rPois:     It protects you from poison.
   +Blink:    It lets you blink.
Jewellery
 b - the ring "Nith" {rF+ rN+ rCorr Dex-3}
   (You acquired it on level 3 of the Depths)

   [ring of protection from fire]

   Dex:       It affects your dexterity (-3).
   rF:        It protects you from fire.
   rN:        It protects you from negative energy.
   rCorr:     It protects you from acid and corrosion.
 w - the ring "Kaguk" {rElec rCorr Int+2}
   (You bought it in a shop in a bazaar)

   [ring of resist corrosion]

   Int:       It affects your intelligence (+2).
   rElec:     It insulates you from electricity.
   rCorr:     It protects you from acid and corrosion.
 y - an amulet of reflection
 C - the ring "Veorr" (left hand) {*Slow rElec rN+ Str+6 Dex+5}
   (You took it off a necromancer on level 5 of the Vaults)

   [ring of strength]

   Str:       It affects your strength (+6).
   Dex:       It affects your dexterity (+5).
   rElec:     It insulates you from electricity.
   rN:        It protects you from negative energy.
   *Slow:     It may slow you when you take damage.
 J - a ring of willpower
 M - the ring "Kapn" {Fly rN++}
   (You found it on level 1 of the Spider Nest)

   [ring of flight]

   rN:        It greatly protects you from negative energy.
   Fly:       It grants you flight.
 P - the amulet of the Four Winds (around neck) {rN+ Will+++ Clar}
   (You found it on level 4 of a ziggurat)

   [amulet of nothing]

   rN:        It protects you from negative energy.
   Clar:      It protects you from confusion, rage, mesmerisation and fear.
   Will:      It greatly increases your willpower.
 Q - the ring of Beploent (right hand) {rF+ rCorr Slay+6}
   (You took it off a minotaur in a Gauntlet)

   [ring of resist corrosion]

   Slay:      It affects your accuracy & damage with ranged weapons and melee
   (+6).
   rF:        It protects you from fire.
   rCorr:     It protects you from acid and corrosion.
Wands
 q - a wand of digging (45)
 v - a wand of acid (37)
 A - a wand of flame (87)
 E - a wand of roots (32)
 T - a wand of charming (64)
 X - a wand of mindburst (75)
Scrolls
 a - 5 scrolls of magic mapping
 d - 19 scrolls of fear
 e - 14 scrolls of fog
 l - 2 scrolls of silence
 n - 7 scrolls of immolation
 z - 6 scrolls of amnesia
 D - 4 scrolls of butterflies
 N - 6 scrolls of vulnerability
 O - 11 scrolls of enchant weapon
 Z - 8 scrolls of poison
Potions
 g - 6 potions of resistance
 h - 12 potions of brilliance
 i - 6 potions of magic
 m - 3 potions of flight
 o - 14 potions of heal wounds
 r - 8 potions of lignification
 s - 4 potions of ambrosia
 t - 3 potions of cancellation
 x - 25 potions of curing
 B - 4 potions of mutation
 G - 4 potions of invisibility
 H - 17 potions of degeneration
 I - 9 potions of might
 S - 10 potions of attraction
Miscellaneous
 L - a box of beasts


   Skills:
 + Level 17.1 Fighting
 - Level 20.1 Polearms
 + Level 13.7 Throwing
 + Level 18.2 Armour
 - Level 13.4 Dodging
 - Level 10.0 Shields
 - Level 9.0 Spellcasting
 + Level 17.2 Conjurations
 + Level 18.6 Summonings
 - Level 6.2 Necromancy
 - Level 13.3 Earth Magic
 + Level 13.8 Invocations
 + Level 15.0 Evocations


You had 21 spell levels left.
You knew the following spells:

 Your Spells              Type           Power      Damage    Failure   Level
a - Borgnjor's Vile Clut  Necr/Erth      24%        N/A       5%          5
b - Freezing Cloud        Conj/Ice/Air   16%        6-21      34%         5
c - Iron Shot             Conj/Erth      32%        9d7       3%          6
d - Spellforged Servitor  Conj/Summ      35%        N/A       6%          7

Your spell library contained the following spells:

 Spells                   Type           Power      Damage    Failure   Level
 Magic Dart               Conj           100%       1d8       0%          1
 Sandblast                Erth           100%       2d20      0%          1
 Summon Small Mammal      Summ           100%       N/A       0%          1
 Call Imp                 Summ           100%       N/A       0%          2
 Call Canine Familiar     Summ           72%        N/A       0%          3
 Foxfire                  Conj/Fire      100%       2x1d9     1%          1
 Kiss of Death            Conj/Necr      100%       2d13      1%          1
 Necrotise                Necr           100%       1d9       1%          1
 Shock                    Conj/Air       100%       1d9       1%          1
 Momentum Strike          Conj/Tloc      88%        3d10      1%          2
 Passwall                 Tmut/Erth      30%        N/A       1%          2
 Static Discharge         Conj/Air       88%        2-6/arc   1%          2
 Sublimation of Blood     Necr           35%        N/A       1%          2
 Dazzling Flash           Conj/Hex       88%        N/A       1%          3
 Hailstorm                Conj/Ice       44%        3d10      1%          3
 Stone Arrow              Conj/Erth      100%       3d13      1%          3
 Summon Guardian Golem    Hex/Summ       47%        N/A       1%          3
 Animate Armour           Summ/Erth      100%       N/A       1%          4
 Iskenderun's Battlesphe  Conj           69%        2d12      1%          5
 Summon Cactus Giant      Summ           36%        N/A       1%          6
 Mephitic Cloud           Conj/Pois/Air  33%        N/A       2%          3
 Vampiric Draining        Necr           35%        2d8       2%          3
 Summon Ice Beast         Ice/Summ       47%        N/A       2%          4
 Summon Lightning Spire   Summ/Air       47%        N/A       2%          4
 Flame Wave               Conj/Fire      44%        2d11      3%          4
 Fulminant Prism          Conj/Hex       22%        3d12      3%          4
 Summon Hydra             Summ           36%        N/A       4%          7
 Summon Forest            Summ/Tloc      23%        N/A       7%          5
 Summon Mana Viper        Hex/Summ       47%        N/A       7%          5
 Cigotuvi's Dreadful Rot  Necr/Pois/Air  34%        N/A       8%          2
 Leda's Liquefaction      Hex/Erth       18%        N/A       8%          4
 Petrify                  Tmut/Erth      36%        N/A       8%          4
 Animate Dead             Necr           35%        N/A       10%         4
 Dispel Undead            Necr           35%        3d15      10%         4
 Arcjolt                  Conj/Air       22%        1d32      10%         5
 Fireball                 Conj/Fire      22%        3d10      10%         5
 Irradiate                Conj/Tmut      22%        3d19      10%         5
 Apportation              Tloc           18%        N/A       13%         1
 Freeze                   Ice            36%        1d5       13%         1
 Ensorcelled Hibernation  Hex/Ice        18%        N/A       19%         2
 Lesser Beckoning         Tloc           18%        N/A       19%         2
 Scorch                   Fire           18%        2d5       19%         2
 Wereblood                Tmut           9%         N/A       19%         2
 Agony                    Necr           35%        N/A       28%         5
 Anguish                  Hex/Necr       11%        N/A       36%         4
 Confusing Touch          Hex            9%         N/A       38%         3
 Ignite Poison            Fire/Tmut/Pois 9%         N/A       38%         3
 Ozocubu's Armour         Ice            9%         N/A       38%         3
 Portal Projectile        Hex/Tloc       18%        N/A       38%         3
 Tukima's Dance           Hex            9%         N/A       38%         3
 Conjure Ball Lightning   Conj/Air       22%        3x3d6     54%         6
 Starburst                Conj/Fire      22%        6d7       54%         6
 Haunt                    Necr/Summ      28%        N/A       58%         7
 Airstrike                Air            4%         2d(1-17)  82%         4
 Cause Fear               Hex            4%         N/A       82%         4
 Ice Form                 Ice/Tmut       9%         N/A       82%         4
 Passage of Golubria      Tloc           9%         N/A       82%         4
 Death Channel            Necr           17%        N/A       87%         6
 Malign Gateway           Summ/Tloc      23%        N/A       96%         7
 Alistair's Intoxication  Tmut/Pois      6%         N/A       99%         5
 Blade Hands              Tmut           4%         N/A       99%         5
 Metabolic Englaciation   Hex/Ice        4%         N/A       99%         5
 Silence                  Hex/Air        4%         N/A       99%         5
 Yara's Violent Unravell  Hex/Tmut       4%         3d4       99%         5
 Dispersal                Tloc           4%         N/A       100%        6
 Eringya's Noxious Bog    Tmut/Pois      4%         N/A       100%        6
 Plasma Beam              Fire/Air       4%         2x1d16    100%        6
 Simulacrum               Ice/Necr       11%        N/A       100%        6
 Dragon Form              Tmut           4%         N/A       100%        7
 Enfeeble                 Hex            4%         N/A       100%        7
 Ozocubu's Refrigeration  Ice            4%         4d8       100%        7
 Borgnjor's Revivificati  Necr           17%        N/A       100%        8
 Discord                  Hex            4%         N/A       100%        8
 Disjunction              Tloc           4%         N/A       100%        8
 Ignition                 Fire           4%         3d4       100%        8
 Infestation              Necr           17%        N/A       100%        8
 Necromutation            Tmut/Necr      11%        N/A       100%        8
 Death's Door             Necr           17%        N/A       100%        9
 Dragon's Call            Summ           36%        N/A       100%        9
 Fire Storm               Conj/Fire      22%        8d6       100%        9
 Polar Vortex             Ice            4%         N/A       100%        9
 Blink                    Tloc           Unusable   N/A       N/A         2

Dungeon Overview and Level Annotations

Branches:
Dungeon (15/15)            Temple (1/1) D:5            Lair (5/5) D:11
 Shoals (4/4) Lair:3       Spider (4/4) Lair:3        Slime (0/5) Lair:5
    Orc (2/2) D:9             Elf (3/3) Orc:2        Vaults (5/5) D:13
  Crypt (0/3) Vaults:2     Depths (4/4) D:15            Zot (5/5) Depths:4
  Sewer (visited)         Ossuary (visited)           IceCv (visited)
Volcano (visited)         Desolation (visited)      Gauntlet (visited)

Altars:
Ashenzari
Cheibriados
Dithmenos
Elyvilon
Fedhas
Gozag
Hepliaklqana
Kikubaaqudgha
Makhleb
Nemelex Xobeh
Okawaru
Qazlal
Ru
Sif Muna
Trog
Uskayaw
Vehumet
Wu Jian
Xom
Yredelemnul
Zin
The Shining One
Jiyva

Shops:
D:4 [   D:6 =   D:12 *   Orc:2 =*[(   Elf:2 :=:   Shoals:1 *   Shoals:4 [
Vaults:1 ?   Vaults:3 (   Depths:1 !   Depths:3 *

Portals:
Hell: Depths:1 Depths:2 Depths:3 Depths:4
Abyss: Depths:1 Depths:2 Depths:3
Pandemonium: Depths:2
Trove: Elf:3 (give horn of Geryon)

Annotations:
D:3 2 transporters, Termiter's ghost, novice DsNe
Elf:1 3 runed translucent doors, unihiutale's ghost, adept HuWn
Elf:2 5 runed translucent doors, Roxanne
Elf:3 1 runed translucent door, kwasso's ghost, adept KoHu
Vaults:2 1 runed translucent door, raph's ghost, adept MiFi
Zot:2 4 transporters


Innate Abilities, Weirdness & Mutations

You cannot be hasted, slowed, berserked, paralysed or teleported.
You can dig through walls and to a lower floor.
You have a pair of large antennae on your head. (SInv)
Your four strong arms can wield two-handed weapons with a shield.
Your flesh is cold resistant. (rC+)
You are frail. (-10% HP)
Your muscles are strong. (Str +4, Int/Dex -1)
Your spells are easier to cast, but less powerful.


Message History

An Orb Guardian comes into view.
The Orb Guardian closely misses you.
You slice the Orb Guardian!!
The Orb Guardian is moderately wounded.
Your +9 spectral glaive hits the Orb Guardian!
The Orb Guardian hits you but does no damage.
You hit the Orb Guardian.
The Orb Guardian is moderately wounded.
Your +9 spectral glaive hits the Orb Guardian!!
The Orb Guardian hits you but does no damage.
You slash the Orb Guardian!
The Orb Guardian is severely wounded.
Your +9 spectral glaive hits the Orb Guardian!!
You kill the Orb Guardian!
Cheibriados thoroughly appreciates the change of pace.
No target in view!
(D) Dungeon (T) Temple (L) Lair (A) Shoals (N) Spider Nest (M) Slime Pits (O) Orcish Mines (E) Elven Halls (V) Vaults (C) Crypt (U) Depths (H) Hell (Z) Zot
Where to? (Enter - D:1, ? - help)
Your +9 spectral glaive disappears.
There is a stone staircase leading up here.
You climb upwards.
There is a stone staircase leading down here.
You sense a monster nearby.
A green death comes into view.
The green death roars!
The green death completely misses you.
You chop the green death into pieces!!!
The green death is almost dead.
Your +9 spectral glaive hits the green death from afar!!
You kill the green death!
Cheibriados appreciates the change of pace.
No target in view!
No target in view!
Your +9 spectral glaive disappears.
There is an open gate here.
There is a staircase leading out of the dungeon here.
You have escaped!

..)....#....#
##.....#....######
.......'.........#
.......###.#####.######
####...# #.#####......#
##### #.#.......##.#
#.#.##'''##..#
#...#.....#..#
###.#..@..#..#
#.#.....#..#
#.#.....#.[#
#.##+++##..#
#..........#
##.........#
###########


There were no monsters in sight!

Vanquished Creatures
  3 dread liches (Zot:5)
  2 ancient liches (Zot:5)
  7 orbs of fire
  Mennas (Vaults:3)
  Mara (Vaults:5)
  3 juggernauts
  Boris (Vaults:5)
  Bai Suzhen (Vaults:5)
  3 Killer Klowns (Zot:5)
  Margery (Vaults:4)
  Saint Roka (Depths:3)
  2 curse toes
  7 golden dragons
  Arachne (Spider:3)
  An electric golem (Zot:5)
  A pandemonium lord (D:5)
  A doom hound (Depths:4)
  2 hellephants (Depths:4)
  2 Hell Sentinels
  A walking crystal tome (Depths:1)
  A lich (Vaults:4)
  27 Orb Guardians
  13 tentacled monstrosities
  2 walking earthen tomes (Depths:1)
  7 quicksilver dragons
  7 titans
  3 deep elf master archers
  3 deep elf blademasters
  A tentacled starspawn (Abyss:3)
  5 death cobs
  An Executioner (Abyss:3)
  Kirke (Spider:4)
  4 storm dragons
  4 sphinxes
  9 tengu reavers
  A kraken (Shoals:4)
  8 shadow dragons
  Agnes (Spider:2)
  7 fire giants
  4 draconian monks
  Donald (Shoals:3)
  14 frost giants
  4 draconian scorchers
  7 emperor scorpions
  4 draconian knights
  Louise (Depths:1)
  4 iron dragons
  16 vault wardens
  A deep elf sorcerer (Elf:3)
  3 ghost moths
  An imperial myrmidon (Desolation)
  An angel (Depths:1)
  4 orc warlords
  5 draconian stormcallers
  4 deep elf elementalists
  2 caustic shrike skeletons (Depths:2)
  23 very ugly things
  3 draconian shifters
  4 broodmothers (Spider:4)
  A curse skull (Zot:3)
  18 ironbound preservers
  A demonspawn corrupter (D:9)
  3 draconian annihilators
  2 spriggan defenders (Depths:2)
  A cacodemon (D:5)
  17 stone giants
  A quicksilver ooze (shapeshifter) (Vaults:4)
  A war gargoyle (Vaults:4)
  6 ironbound thunderhulks
  10 deep elf demonologists
  5 deep elf annihilators
  2 vampire knights
  7 green draconians
  A demonspawn black sun (D:9)
  A minotaur (Gauntlet)
  3 starcursed masses (Abyss:3)
  A bunyip (shapeshifter) (Vaults:5)
  30 dire elephants
  2 black draconians
  2 white draconians
  12 red draconians
  9 spark wasps
  7 purple draconians
  2 halazid warlocks (Desolation)
  5 deep elf death magi
  5 yellow draconians
  2 green deaths
  11 fire dragons
  5 blizzard demons
  10 ettins
  3 merfolk javelineers
  2 crystal guardians
  8 merfolk impalers
  2 jiangshi (Depths:2)
  7 yaktaur captains
  7 ice dragons
  A quicksilver dragon zombie (Abyss:3)
  8 ragged hierophants (Desolation)
  6 entropy weavers
  2 deep elf high priests (Elf:3)
  6 great orbs of eyes
  3 salamander tyrants (Zig:4)
  35 vault guards
  3 caustic shrike simulacra (IceCv)
  10 peacekeepers
  16 ironbound frosthearts
  6 servants of whispers (Desolation)
  4 rakshasas
  A hell beast (D:10)
  2 alligator snapping turtles (Shoals:2)
  5 hydras
  4 merfolk avatars
  6 radroaches
  A spriggan air mage (Depths:1)
  6 two-headed ogres
  An ogre mage (Vaults:4)
  8 boulder beetles
  4 merfolk aquamancers
  10 centaur warriors
  16 dancing weapons
  A satyr (Shoals:4)
  4 death knights
  2 catoblepae (Lair:5)
  An alligator (Shoals:2)
  4 deep troll shamans
  6 tengu warriors
  2 deep troll earth magi
  10 death yaks
  A death scarab (Spider:4)
  2 orc high priests
  3 vampire magi
  5 spriggan berserkers
  24 hell knights
  2 thrashing horrors (Abyss:3)
  A titan zombie (Depths:1)
  12 deep elf knights
  A soul eater (D:10)
  A sun demon (Zot:3)
  A fire crab (shapeshifter) (D:9)
  A sixfirhy (Depths:2)
  12 large abominations
  2 shadow wraiths
  2 wretched stars
  5 skysharks
  A sun moth (Spider:2)
  7 pharaoh ants
  Lodul (D:14)
  4 iron trolls
  6 glowing orange brains
  10 sea snakes
  A salamander mystic (Zig:4)
  47 deep trolls
  10 spriggan simulacra
  A sea snake (shapeshifter) (D:15)
  15 orb spiders
  24 ironbound convokers
  A shadow demon (D:9)
  21 deep elf archers
  A bog body (IceCv)
  Pikel (D:5)
  8 necromancers
  4 obsidian statues
  12 wizards
  14 orc knights
  2 flayed ghosts
  14 lindwurms
  2 orange crystal statues (Zig:4)
  31 harpies
  6 steelbarb worms
  2 oklob plants (Zot:3)
  5 phantasmal warriors
  32 deep elf pyromancers
  A tengu zombie (Depths:2)
  24 deep elf zephyrmancers
  40 ugly things
  6 cyclopes
  A fire giant zombie (Depths:2)
  5 fauns (Shoals:2)
  22 wolf spiders
  2 orc sorcerers (Orc:2)
  A cyclops (shapeshifter) (Elf:2)
  17 moths of wrath
  18 manticores
  A human skeleton (Vaults:5)
  2 moths of wrath (shapeshifter)
  9 merfolk sirens
  An iron dragon skeleton (Vaults:5)
  A fire giant skeleton (Depths:1)
  6 toenail golems
  11 water nymphs
  3 guardian serpents (Desolation)
  4 ice statues (Zig:3)
  10 demonic crawlers
  3 elephants (Lair:5)
  25 vault sentinels
  2 rust devils
  A molten gargoyle (Desolation)
  Joseph (D:10)
  7 black mambas
  2 apocalypse crabs
  A gargoyle (D:11)
  14 torpor snails
  5 smoke demons
  A hellion (Zot:3)
  An orange demon (D:5)
  17 cane toads
  5 rime drakes
  A yaktaur (shapeshifter) (D:13)
  2 kobold demonologists
  12 komodo dragons
  26 yaktaurs
  4 freezing wraiths
  A tormentor (Depths:2)
  An efreet (Zot:2)
  3 ancient zymes
  3 anaconda simulacra (IceCv)
  26 merfolk
  A golden dragon simulacrum (IceCv)
  10 ice devils
  4 tengu conjurers
  6 meliai (Spider:4)
  5 wind drakes
  24 tarantellas
  8 trolls
  5 hornets
  A hellwing (D:5)
  Grinder (D:6)
  13 polar bears
  61 saltlings (Desolation)
  27 blink frogs
  8 raiju
  8 dream sheep
  28 slime creatures
  15 snapping turtles
  A human simulacrum (Vaults:5)
  13 culicivoras
  13 water elementals
  3 spriggans
  A wraith (D:11)
  A shadow (D:10)
  2 air elementals
  3 wyverns
  26 jumping spiders
  35 yaks
  A ynoxinul (Zot:5)
  4 basilisks
  A fire bat (Abyss:3)
  61 redbacks
  22 fire elementals
  5 hogs
  7 chaos spawn
  9 vampire mosquitoes
  A neqoxec (Gauntlet)
  A steam dragon (D:7)
  6 small abominations
  9 wargs
  2 harpy simulacra (IceCv)
  5 minotaur simulacra (IceCv)
  4 acid dragons
  13 water moccasins
  A tengu skeleton (Depths:1)
  Duvessa (D:6)
  17 hell hounds
  2 floating eyes
  2 sky beasts (D:7)
  2 ice beasts
  26 orc warriors
  14 black bears
  10 ogres
  An ettin simulacrum (IceCv)
  A boggart (D:9)
  13 centaurs
  30 wolves
  12 bullfrogs
  3 phantoms
  7 kobold brigands
  An elf zombie (Ossuary)
  2 gnoll sergeants
  13 deep troll simulacra (IceCv)
  4 scorpions
  2 earth elementals (Elf:3)
  8 wights
  Dowan (D:6)
  20 killer bees
  A lindwurm simulacrum (IceCv)
  6 howler monkeys
  5 electric eels
  A centaur zombie (Ossuary)
  3 human zombies
  A quasit (Abyss:2)
  2 jellies
  5 hounds
  Crazy Yiuf (D:2)
  12 orc priests
  3 sleepcaps
  An iguana (D:6)
  26 orc wizards
  5 lightning spires
  3 mummies
  9 gnolls
  12 adders
  3 white imps
  3 ufetubi
  2 adder zombies (Ossuary)
  3 worms
  2 dart slugs
  78 orcs
  4 endoplasms
  8 giant cockroaches
  3 goblins
  6 hobgoblins
  6 jackals
  29 kobolds
  9 quokkas
  7 ball pythons
  2 ball python skeletons (D:3)
  A ball python zombie (D:3)
  2 bats
  2 frilled lizards
  11 hobgoblin zombies (Ossuary)
  A jackal zombie (Ossuary)
  10 kobold zombies (Ossuary)
  9 orc zombies (Ossuary)
  9 rats
  2 spectral weapons
  5 starspawn tentacles (Abyss:3)
  4 tentacles (Shoals:4)
2350 creatures vanquished.

Vanquished Creatures (collateral kills)
  An orb of fire (Zot:5)
  A Killer Klown (Zot:5)
  A draconian knight (Zot:2)
  A vault warden (Vaults:5)
  A draconian scorcher (Zot:2)
  A draconian shifter (Zot:2)
  A draconian annihilator (Zot:5)
  A red draconian (Zot:2)
  A purple draconian (Zot:2)
  An orc sorcerer (Vaults:5)
  A freezing wraith (Vaults:4)
  3 fire elementals (Zot:2)
  An orc (Vaults:5)
15 creatures vanquished.

Vanquished Creatures (others)
  A draconian knight (Zig:5)
  A white draconian (Zot:2)
  A deep elf knight (Elf:1)
  A deep elf zephyrmancer (Elf:1)
  A deep elf pyromancer (Elf:3)
  19 fungi
  61 plants
  84 spectral weapons
  A starspawn tentacle (Abyss:3)
  3 tentacles (Shoals:4)
  3 withered plants
176 creatures vanquished.

Grand Total: 2541 creatures vanquished

Notes
Turn   | Place    | Note
-------+----------+-------------------------------------------
     0 | D:1      | emiel the Formicid Fighter began the quest for the Orb.
     0 | D:1      | Reached XP level 1. HP: 18/18 MP: 1/1
    68 | D:1      | Reached XP level 2. HP: 24/24 MP: 2/2
   181 | D:1      | Reached skill level 3 in Polearms
   397 | D:1      | Reached XP level 3. HP: 27/29 MP: 3/3
   901 | D:2      | Reached XP level 4. HP: 30/35 MP: 4/4
   937 | D:2      | Reached skill level 4 in Polearms
   962 | D:2      | Found a runed translucent door.
   963 | D:2      | Noticed Crazy Yiuf
  1275 | D:2      | Killed Crazy Yiuf
  1351 | D:3      | Identified the +3 ring mail "Arinn" {rC+ Int+3}
  1379 | D:3      | Reached XP level 5. HP: 41/41 MP: 5/5
  1382 | D:3      | Reached skill level 5 in Polearms
  1481 | D:3      | Found a glowing drain.
  1496 | Sewer    | Entered a sewer
  1654 | Sewer    | Noticed a kobold brigand
  1669 | Sewer    | Killed a kobold brigand
  1670 | Sewer    | Reached skill level 6 in Polearms
  1670 | Sewer    | Reached XP level 6. HP: 35/47 MP: 6/6
  1853 | Sewer    | HP: 2/47 [kobold brigand/+0 short sword (1)]
  2261 | D:3      | Found a blossoming altar of Fedhas.
  2293 | D:3      | Noticed Termiter's ghost (novice DsNe)
  2313 | D:3      | Found a transporter.
  2321 | D:3      | Found a transporter.
  2366 | D:3      | Reached XP level 7. HP: 38/47 MP: 7/7
  2368 | D:3      | Reached skill level 7 in Polearms
  3123 | D:4      | Found Hocieg's Antique Armour Boutique.
  3241 | D:4      | Found a sand-covered staircase.
  3249 | D:4      | Reached skill level 8 in Polearms
  3278 | Ossuary  | Entered an ossuary
  3449 | Ossuary  | Reached XP level 8. HP: 52/58 MP: 8/8
  3722 | D:4      | Reached skill level 9 in Polearms
  4364 | D:5      | Entered Level 5 of the Dungeon
  4450 | D:5      | Found a staircase to the Ecumenical Temple.
  4468 | Temple   | Entered the Ecumenical Temple
  4802 | Temple   | Became a worshipper of Cheibriados the Contemplative
  5157 | D:5      | Noticed Pikel
  5176 | D:5      | Killed Pikel
  5177 | D:5      | Reached skill level 5 in Shields
  5177 | D:5      | Reached XP level 9. HP: 45/65 MP: 9/9
  5378 | D:4      | Bought a slimy chain mail for 228 gold pieces
  5378 | D:4      | Identified the +0 chain mail of Xuqu {rN+} (You bought it
                  | in a shop on level 4 of the Dungeon)
  5651 | D:6      | Found Luagreqot's Jewellery Shop.
  5697 | D:6      | Reached skill level 5 in Fighting
  5697 | D:6      | Reached skill level 5 in Armour
  5697 | D:6      | Reached * piety under Cheibriados
  5832 | D:6      | Noticed Dowan
  6113 | D:6      | Noticed Grinder
  6114 | D:6      | Noticed Duvessa
  6126 | D:6      | Killed Grinder
  6148 | D:6      | Killed Duvessa
  6149 | D:6      | Reached XP level 10. HP: 15/76 MP: 10/10
  6150 | D:6      | Killed Dowan
  6648 | D:7      | Reached ** piety under Cheibriados
  6765 | D:7      | You fall into a shaft and drop 1 floor!
  6786 | D:7      | Found an iron altar of Okawaru.
  7065 | D:7      | Reached skill level 1 in Invocations
  7065 | D:7      | Reached skill level 5 in Evocations
  7796 | D:7      | Reached skill level 5 in Throwing
  8195 | D:8      | Found a burning altar of Makhleb.
  8333 | D:8      | Reached *** piety under Cheibriados
  8478 | D:8      | Found a stormy altar of Qazlal.
  9225 | D:9      | Reached XP level 11. HP: 71/84 MP: 13/13
  9368 | D:9      | Reached **** piety under Cheibriados
  9604 | D:9      | Found a staircase to the Orcish Mines.
 10106 | D:9      | Noticed a five-headed hydra
 10116 | D:9      | Killed a five-headed hydra
 10354 | D:9      | Found a runed translucent door.
 10361 | D:9      | Noticed a manticore
 10748 | D:9      | Found a white marble altar of Elyvilon.
 10757 | D:9      | Found a radiant altar of Vehumet.
 10758 | D:9      | Found an ornate altar of the Wu Jian Council.
 10758 | D:9      | Found a glowing silver altar of Zin.
 10758 | D:9      | Found a shimmering blue altar of Sif Muna.
 11000 | D:9      | Killed a manticore
 11207 | D:9      | Noticed a five-headed hydra
 11213 | D:9      | Killed a five-headed hydra
 11214 | D:9      | Reached skill level 10 in Polearms
 11214 | D:9      | Reached skill level 5 in Invocations
 11402 | D:9      | Noticed a fire crab
 11406 | D:9      | Killed a fire crab
 11867 | D:10     | Entered Level 10 of the Dungeon
 11918 | D:10     | Reached ***** piety under Cheibriados
 12712 | D:10     | Noticed Joseph
 12717 | D:10     | Killed Joseph
 12772 | D:10     | Reached skill level 11 in Polearms
 12780 | D:10     | Reached XP level 12. HP: 89/92 MP: 16/16
 12864 | D:10     | Found a sparkling altar of Nemelex Xobeh.
 13259 | D:11     | Noticed a death yak
 13275 | D:11     | Killed a death yak
 13286 | D:11     | Noticed a death yak
 13287 | D:11     | Reached skill level 12 in Polearms
 13289 | D:11     | Noticed a death yak
 13289 | D:11     | Noticed a death yak
 13290 | D:11     | Noticed a death yak
 13290 | D:11     | Noticed a death yak
 13291 | D:11     | Noticed a death yak
 13293 | D:11     | Killed a death yak
 13300 | D:10     | Killed a death yak
 13821 | D:11     | Killed a death yak
 13828 | D:11     | Killed a death yak
 13829 | D:11     | Reached skill level 13 in Polearms
 13831 | D:11     | Killed a death yak
 13834 | D:11     | Killed a death yak
 13852 | D:11     | Found a staircase to the Lair.
 13940 | D:11     | Noticed a boulder beetle
 13954 | D:11     | Killed a boulder beetle
 14428 | D:12     | Reached skill level 14 in Polearms
 14443 | D:12     | Found Jist's Overcharged Wands.
 14591 | D:12     | Reached XP level 13. HP: 98/98 MP: 17/17
 14769 | D:12     | Reached skill level 15 in Polearms
 14987 | Orc:1    | Entered Level 1 of the Orcish Mines
 15123 | Lair:1   | Entered Level 1 of the Lair of Beasts
 15225 | Lair:1   | Reached ****** piety under Cheibriados
 15644 | Lair:1   | Reached skill level 16 in Polearms
 15766 | Lair:2   | Found a gate leading to a gauntlet.
 15779 | Gauntlet | Entered a Gauntlet
 15779 | Gauntlet | Found a transporter.
 15779 | Gauntlet | Found a transporter.
 15785 | Gauntlet | Found a transporter.
 15785 | Gauntlet | Noticed a catoblepas
 15800 | Gauntlet | Found a transporter.
 15815 | Gauntlet | Found a transporter.
 15815 | Gauntlet | Found a transporter.
 15815 | Gauntlet | Found a transporter.
 15817 | Gauntlet | Found a transporter.
 15817 | Gauntlet | Found a transporter.
 15831 | Gauntlet | Found a transporter.
 15831 | Gauntlet | Noticed a balrug
 15847 | Gauntlet | Found a transporter.
 15856 | Gauntlet | Found a runed translucent door.
 15857 | Gauntlet | Found a transporter.
 15858 | Gauntlet | Found a runed translucent door.
 15862 | Gauntlet | Found a transporter.
 15896 | Gauntlet | Found a transporter.
 15971 | Gauntlet | Reached skill level 1 in Dodging
 16034 | Gauntlet | Identified the +0 cloak of Carved Miracles {rF- Regen+
                  | Dex+6}
 16075 | Gauntlet | Identified the +7 shortbow of Okawaru's Pride {speed, Fly
                  | Will- rCorr Int+9}
 16075 | Gauntlet | Identified the +2 sling of Jyudd {drain, rC+ Dex+4}
 16075 | Gauntlet | Identified the ring of Beploent {rF+ rCorr Slay+6}
 16075 | Gauntlet | Noticed a minotaur
 16078 | Gauntlet | Killed a minotaur
 16088 | Gauntlet | Identified the ring "Rijepn" {rCorr Str+3 Dex+2}
 16436 | Lair:2   | You fall into a shaft and drop 1 floor!
 16448 | Lair:3   | Noticed a seven-headed hydra
 16452 | Lair:3   | Killed a seven-headed hydra
 16916 | Lair:3   | Reached XP level 14. HP: 108/108 MP: 18/18
 17532 | Lair:3   | Found a staircase to the Shoals.
 17564 | Lair:3   | Found a hole to the Spider Nest.
 18083 | Lair:4   | Reached skill level 10 in Fighting
 18088 | Lair:4   | Reached skill level 10 in Armour
 18093 | Lair:4   | Reached skill level 5 in Dodging
 18627 | Lair:4   | Identified the +2 war axe of Eternal Vigilance {drain,
                  | *Slow rN++ rCorr Stlth+}
 18752 | Lair:4   | Identified the orb of Nofry {light, rF+}
 18969 | Lair:5   | Entered Level 5 of the Lair of Beasts
 19191 | Lair:5   | Found a staircase to the Slime Pits.
 19192 | Lair:5   | Found a viscous altar of Jiyva.
 19483 | Lair:5   | Reached skill level 10 in Shields
 19554 | Lair:5   | Found a basalt altar of Yredelemnul.
 19567 | Lair:5   | Reached XP level 15. HP: 107/117 MP: 20/20
 19788 | Lair:5   | Got Pyfesm's Handbook of the Fault and Spellbinding
 21112 | Orc:2    | Entered Level 2 of the Orcish Mines
 21125 | Orc:2    | Found a staircase to the Elven Halls.
 21131 | Orc:2    | Found a shimmering altar of Xom.
 21167 | Orc:2    | Found a dark tunnel.
 21179 | Volcano  | Entered a volcano
 22304 | Orc:2    | Reached XP level 16. HP: 98/98 MP: 22/22
 22350 | Orc:2    | Found Renirph's Antique Weapon Emporium.
 22365 | Orc:2    | Found Guim's Antique Armour Emporium.
 22381 | Orc:2    | Found Diqiets's Jewellery Emporium.
 22414 | Orc:2    | Found Uscheuce's General Store.
 22420 | Orc:2    | Bought the ring of Past Mistakes {rElec rN+} for 408 gold
                  | pieces
 22594 | Orc:2    | Bought a pair of boots for 171 gold pieces
 23344 | D:13     | Found a gate to the Vaults.
 23595 | D:14     | Found a frozen archway.
 23626 | IceCv    | Entered an ice cave
 23741 | IceCv    | Found the +2 hat of the Bear Spirit {Spirit, Bear, *Rage
                  | Will++}
 24331 | IceCv    | Reached skill level 10 in Invocations
 24515 | IceCv    | Identified the staff of cold "Xagidgh" {Fly rC+ Int+3}
 24910 | D:14     | Noticed Lodul
 24916 | D:14     | Killed Lodul
 25305 | D:14     | Found a snail-covered altar of Cheibriados.
 25463 | D:15     | Entered Level 15 of the Dungeon
 25768 | D:15     | Reached skill level 10 in Evocations
 25781 | D:15     | Reached XP level 17. HP: 121/136 MP: 24/24
 25892 | D:15     | Found a staircase to the Depths.
 26960 | Spider:1 | Entered Level 1 of the Spider Nest
 27477 | Spider:1 | You fall into a shaft and drop 1 floor!
 27525 | Spider:2 | Noticed Agnes
 27540 | Spider:2 | Killed Agnes
 28392 | Spider:1 | Identified the ring "Kapn" {Fly rN++}
 29499 | Spider:3 | Noticed Arachne
 29500 | Spider:3 | Reached skill level 10 in Dodging
 29657 | Spider:3 | Reached XP level 18. HP: 137/146 MP: 25/25
 29817 | Spider:3 | Killed Arachne
 30458 | Spider:3 | Found the +8 mithril axe "Arga" {speed, Will+}
 30498 | Spider:4 | Entered Level 4 of the Spider Nest
 30498 | Spider:4 | Noticed Kirke
 30703 | Spider:4 | Learned a level 5 spell: Borgnjor's Vile Clutch
 31266 | Spider:4 | Reached skill level 17 in Polearms
 31385 | Spider:4 | Killed Kirke
 31468 | Spider:4 | Identified the +1 pair of boots of Apniomyph {MP+9 Int+6
                  | Stlth+}
 31522 | Spider:4 | Got a gossamer rune of Zot
 32268 | Shoals:1 | Entered Level 1 of the Shoals
 32444 | Shoals:1 | Reached XP level 19. HP: 154/154 MP: 26/26
 32464 | Shoals:1 | Reached skill level 1 in Earth Magic
 32605 | Shoals:1 | Reached skill level 1 in Spellcasting
 32605 | Shoals:1 | Reached skill level 1 in Necromancy
 32650 | Shoals:1 | Found Hoti's Assorted Antiques.
 32873 | Shoals:2 | Reached skill level 15 in Armour
 33588 | Shoals:3 | Reached skill level 15 in Fighting
 33725 | Shoals:3 | Noticed Donald
 33727 | Shoals:3 | Killed Donald
 34310 | Shoals:4 | Entered Level 4 of the Shoals
 34310 | Shoals:4 | Found Anuthuw's Armour Boutique.
 34653 | Shoals:4 | Reached skill level 10 in Throwing
 34794 | Shoals:4 | Got a barnacled rune of Zot
 35071 | Shoals:4 | Identified the +0 giant spiked club "Sujen" {holy, Str+2
                  | Dex+5}
 35176 | Shoals:4 | Reached skill level 18 in Polearms
 35373 | Shoals:4 | Identified the +0 pair of boots of Ytycs {Dex+4}
 35504 | Shoals:4 | Reached XP level 20. HP: 147/159 MP: 27/27
 35531 | Shoals:4 | Reached skill level 5 in Earth Magic
 35667 | Shoals:4 | Got the Omnibus of Hail and Invitation
 35674 | Shoals:4 | Learned a level 5 spell: Freezing Cloud
 36101 | Elf:1    | Entered Level 1 of the Elven Halls
 36565 | Elf:1    | Got Xerhick's Atlas of Percussion
 36584 | Elf:1    | Learned a level 6 spell: Iron Shot
 36762 | Elf:1    | Noticed unihiutale's ghost (adept HuWn)
 36768 | Elf:1    | Found a runed translucent gate.
 36768 | Elf:1    | Found a runed translucent gate.
 36770 | Elf:1    | Found a runed translucent gate.
 37224 | Elf:2    | Reached skill level 5 in Spellcasting
 37269 | Elf:2    | Reached skill level 5 in Necromancy
 37325 | Elf:2    | Identified Roxanne's Anthology of Variation
 37325 | Elf:2    | Noticed Roxanne
 37440 | Elf:2    | Found Etaryja's Book Shoppe.
 37444 | Elf:2    | Found Elyrih Cemp's Jewellery Shop.
 37537 | Elf:2    | Found Xicap's Book Shoppe.
 37543 | Elf:2    | Bought Koenorgha's Thoughts on Breath and Hypothermia for
                  | 756 gold pieces
 37633 | Elf:2    | Found a huge runed translucent gate.
 37633 | Elf:2    | Found a huge runed translucent gate.
 37633 | Elf:2    | Found a huge runed translucent gate.
 37659 | Elf:2    | Found a huge runed translucent gate.
 37659 | Elf:2    | Found a huge runed translucent gate.
 37673 | Elf:2    | Identified the +9 morningstar "Worm's Wrath" {drain, rC+}
 38088 | Elf:3    | Entered Level 3 of the Elven Halls
 38244 | Elf:3    | Noticed an Ice Fiend
 38251 | Elf:3    | Found a flickering gateway to a bazaar.
 38260 | Bazaar   | Entered a bazaar
 38419 | Bazaar   | Found Xaggashru's Jewellery Shoppe.
 38439 | Bazaar   | Found Zugalirgh's Assorted Antiques.
 38497 | Bazaar   | Found Gupnuham's Antique Armour Shoppe.
 38527 | Bazaar   | Bought a smoking glass ring for 110 gold pieces
 38527 | Bazaar   | Identified the ring "Kaguk" {rElec rCorr Int+2} (You bought
                  | it in a shop in a bazaar)
 38574 | Elf:3    | Reached XP level 21. HP: 146/150 MP: 29/29
 38593 | Elf:3    | Noticed kwasso's ghost (adept KoHu)
 38594 | Elf:3    | Found a runed translucent door.
 38618 | Elf:3    | Found an ancient bone altar of Kikubaaqudgha.
 39164 | Elf:3    | Found a portal to a secret trove of treasure.
 39595 | Elf:3    | Reached skill level 19 in Polearms
 39684 | Elf:3    | Identified the +12 flail of Spite {vamp, *Rage rF+ Str+3
                  | Int+6}
 39684 | Elf:3    | Identified the +7 chain mail of the Forest {*Corrode Dex+4}
 39713 | Elf:3    | Identified the amulet of the Endless Expanse {Acrobat rElec
                  | rN+++ Str-4}
 39852 | Elf:3    | Identified the +2 plate armour of the Great Game {rPois rC+
                  | rCorr Str+3}
 39899 | Elf:3    | Identified the +4 quarterstaff of the Endless Blessings
                  | {pain, +Blink Will+ Int+6}
 40102 | Elf:3    | Identified the +3 scale mail of the Volcano {rElec rN+
                  | rCorr Str+3}
 40127 | Elf:3    | Identified the staff of death "Xafiwnuu" {rF+ rN+}
 40133 | Elf:3    | Identified the +1 pair of gloves "Xav Amiq" {Rampage rF+
                  | Will+ Dex-3}
 40321 | Elf:3    | Learned a level 7 spell: Spellforged Servitor
 40542 | Vaults:1 | Entered Level 1 of the Vaults
 40591 | Vaults:1 | Reached skill level 1 in Conjurations
 40591 | Vaults:1 | Reached skill level 1 in Summonings
 41658 | Vaults:1 | Reached XP level 22. HP: 84/175 MP: 31/33
 42050 | Vaults:1 | Reached skill level 5 in Summonings
 42054 | Vaults:1 | Reached skill level 10 in Earth Magic
 42219 | Vaults:1 | Found Zari's Magic Scroll Shoppe.
 42226 | Vaults:1 | Bought a scroll of brand weapon for 123 gold pieces
 42226 | Vaults:1 | Bought a scroll of fear for 52 gold pieces
 42728 | Vaults:1 | Reached skill level 5 in Conjurations
 43316 | Vaults:2 | Found a staircase to the Crypt.
 43458 | Vaults:2 | Found a runed translucent door.
 43458 | Vaults:2 | Noticed raph's ghost (adept MiFi)
 44595 | Vaults:3 | Found a crumbling gateway.
 44600 | Desolati | Entered the Desolation of Salt
 44787 | Desolati | Reached XP level 23. HP: 103/181 MP: 33/36
 44970 | Desolati | Got Zinli's Elucidation of Cankerous Ignition
 45143 | Desolati | Identified the staff of conjuration "Taycsaup" {Drain
                  | +Blink Will+}
 45242 | Desolati | Identified the +4 pair of boots "Dethreut" {+Blink rPois}
 45342 | Desolati | Got the Grimoire of Blistering Frost
 45443 | Desolati | Found the +5 Storm Queen's Shield {shock, Fly rElec}
 45445 | Desolati | Got the Anthology of Flamy Imprecation
 45450 | Desolati | Identified the ring of Maaph {Drain Fly rCorr Int+3}
 45461 | Desolati | Identified the +3 trident "Qimofi" {heavy, rF+}
 45491 | Desolati | Identified the ring "Kixiajed" {Wiz rElec}
 45936 | Vaults:3 | You fall into a shaft and drop 1 floor!
 47251 | Vaults:3 | Noticed Mennas
 47301 | Vaults:3 | Killed Mennas
 47368 | Vaults:3 | Found Yqig's Antique Weapon Emporium.
 47606 | Vaults:3 | Reached skill level 10 in Summonings
 48429 | Vaults:4 | Noticed Margery
 48441 | Vaults:4 | HP: 1/181 [harpy simulacrum (16)]
 48779 | Vaults:4 | Killed Margery
 48927 | Vaults:4 | Got the Teachings on the Petrified Sphinx
 48984 | Vaults:4 | Reached skill level 10 in Conjurations
 49218 | Vaults:4 | Reached XP level 24. HP: 178/188 MP: 36/36
 50080 | Depths:1 | Entered Level 1 of the Depths
 50107 | Depths:1 | Noticed a golden dragon
 50119 | Depths:1 | Killed a golden dragon
 50538 | Depths:1 | Found Osuant's Distillery.
 50823 | Depths:1 | Noticed a juggernaut
 50826 | Depths:1 | Noticed a juggernaut
 50832 | Depths:1 | Killed a juggernaut
 50842 | Depths:1 | Killed a juggernaut
 51204 | Depths:1 | Found a gateway to Hell.
 51471 | Depths:1 | Noticed Louise
 51476 | Depths:1 | Killed Louise
 51581 | Depths:1 | Found a one-way gate to the infinite horrors of the Abyss.
 51590 | Depths:1 | Found a one-way gateway to a ziggurat.
 51602 | Zig:1    | Entered Level 1 of a ziggurat
 51621 | Zig:2    | Entered Level 2 of a ziggurat
 51661 | Zig:2    | Got the Annotations on Accompaniment and Angles
 51669 | Zig:3    | Entered Level 3 of a ziggurat
 51929 | Zig:3    | Reached XP level 25. HP: 194/194 MP: 36/36
 51930 | Zig:3    | Identified the +3 leather armour of Pan-Flutes {Harm rF-
                  | rCorr}
 51933 | Zig:3    | Identified the +9 great sword of Ozamn {vamp, Int+4 Dex-4}
 51936 | Zig:4    | Entered Level 4 of a ziggurat
 52410 | Zig:4    | Found the amulet of the Four Winds {rN+ Will+++ Clar}
 52421 | Zig:4    | Gained mutation: Your spells are a little easier to cast,
                  | but a little less powerful. [a neqoxec]
 52639 | Zig:5    | Entered Level 5 of a ziggurat
 53289 | Depths:2 | Reached XP level 26. HP: 137/201 MP: 36/36
 53902 | Depths:2 | Found a shadowy altar of Dithmenos.
 53979 | Depths:2 | Reached skill level 15 in Summonings
 54117 | Depths:2 | Found a shimmering altar of Xom.
 54157 | Depths:2 | Found a shimmering altar of Xom.
 54158 | Depths:2 | Found a shimmering altar of Xom.
 54158 | Depths:2 | Found a shimmering altar of Xom.
 54159 | Depths:2 | Found a shimmering altar of Xom.
 54162 | Depths:2 | Found a shimmering altar of Xom.
 54231 | Depths:2 | Found a one-way gate leading to the halls of Pandemonium.
 54894 | Depths:3 | Noticed Saint Roka
 54909 | Depths:3 | Identified a scroll of acquirement
 54965 | Depths:3 | Killed Saint Roka
 55118 | Depths:3 | Acquired the ring "Nith" {rF+ rN+ rCorr Dex-3}
 55821 | Depths:3 | Found Kuwkaod's General Store.
 55829 | Depths:3 | Bought a potion of resistance for 170 gold pieces
 55829 | Depths:3 | Bought a wand of acid (5) for 357 gold pieces
 55829 | Depths:3 | Bought a wand of acid (6) for 428 gold pieces
 56205 | Depths:3 | Got the Thoughts on Assembling and the Wendigo
 56309 | Depths:4 | Entered Level 4 of the Depths
 56512 | Depths:4 | Found a gate to the Realm of Zot.
 56515 | Depths:4 | Reached skill level 15 in Conjurations
 57584 | Depths:4 | Identified the +6 lajatang of Ashenzari's Approval {heavy,
                  | Stlth+}
 57584 | Depths:4 | Identified the +11 shadow dragon scales of Keodani {Drain
                  | Str+2 Dex+6 Stlth++++}
 57767 | Depths:4 | Noticed a juggernaut
 57775 | Depths:4 | Killed a juggernaut
 58071 | Depths:4 | Identified the +2 morningstar of Brutal Revenge {protect,
                  | rF++ Int+3}
 58179 | Depths:4 | Reached XP level 27. HP: 163/207 MP: 36/36
 58730 | Vaults:5 | Entered Level 5 of the Vaults
 58731 | Vaults:5 | Noticed Mara
 58739 | Vaults:5 | Killed Mara
 59800 | Vaults:5 | Identified the +1 ring mail "Taeraej" {Stlth+}
 59829 | Vaults:5 | Found the +18 shield of the Gong {Loud rN+ Will+ rCorr
                  | EV-5}
 60002 | Vaults:5 | Noticed Bai Suzhen
 60011 | Vaults:5 | Killed Bai Suzhen
 60014 | Vaults:5 | Identified the ring "Veorr" {*Slow rElec rN+ Str+6 Dex+5}
 60218 | Vaults:5 | Identified the ring "Gapron" {rF+ Will+ Int+4}
 60225 | Vaults:5 | Noticed Boris
 60233 | Vaults:5 | Killed Boris
 60573 | Vaults:5 | Identified the staff of cold "Hooj Qox" {rPois rF- rC+
                  | Will+ Str+4}
 60612 | Vaults:5 | Identified the staff of cold "Laef" {rPois rC+ SInv}
 60617 | Vaults:5 | Identified the staff of poison "Qeixethruq" {rPois rF+ rC+
                  | Int-5 Dex+4}
 60654 | Vaults:5 | Got Wuphiod's Easy Thaumaturgy
 60767 | Vaults:5 | Got the Omnibus of Ironbound Illusion
 60784 | Vaults:5 | Got a silver rune of Zot
 61342 | Zot:1    | Entered Level 1 of the Realm of Zot
 61450 | Zot:1    | Noticed an orb of fire
 61451 | Zot:1    | Gained mutation: You are frail. (-10% HP) [an orb of fire]
 61451 | Zot:1    | Gained mutation: You have hidden genetic defects. [an orb
                  | of fire]
 61458 | Zot:1    | Killed an orb of fire
 61653 | Zot:1    | Identified the +10 chain mail "Goriolum" {-Cast rCorr
                  | Str+5}
 62523 | Zot:2    | Gained mutation: You are dopey. (Int -2) [hidden defects]
 62662 | Zot:2    | Lost mutation: You are dopey. (Int -2) [potion of mutation]
 62662 | Zot:2    | Lost mutation: You are frail. (-10% HP) [potion of
                  | mutation]
 62662 | Zot:2    | Lost mutation: Your spells are a little easier to cast, but
                  | a little less powerful. [potion of mutation]
 62662 | Zot:2    | Gained mutation: Your mind is acute. (Int +4, Str/Dex -1)
                  | [potion of mutation]
 62662 | Zot:2    | Gained mutation: Your flesh is cold resistant. (rC+)
                  | [potion of mutation]
 62662 | Zot:2    | Gained mutation: You expend magic power (3 MP) to
                  | strengthen your wands. [potion of mutation]
 62663 | Zot:2    | Lost mutation: You expend magic power (3 MP) to strengthen
                  | your wands. [potion of mutation]
 62663 | Zot:2    | Lost mutation: Your mind is acute. (Int +4, Str/Dex -1)
                  | [potion of mutation]
 62663 | Zot:2    | Lost mutation: You have hidden genetic defects. [potion of
                  | mutation]
 62663 | Zot:2    | Gained mutation: Your muscles are strong. (Str +4, Int/Dex
                  | -1) [potion of mutation]
 62973 | Zot:2    | Noticed an orb of fire
 62980 | Zot:2    | Killed an orb of fire
 63204 | Zot:2    | Found a transporter.
 63218 | Zot:2    | Found a transporter.
 63219 | Zot:2    | Found a transporter.
 63250 | Zot:2    | Found a transporter.
 63405 | Abyss:2  | Cast into level 2 of the Abyss (white draconian)
 63583 | Abyss:3  | Got an abyssal rune of Zot
 63874 | Zot:2    | Escaped the Abyss
 63889 | Zot:2    | Identified the +2 plate armour of the Dungeon {rPois Will-
                  | Str+5}
 65039 | Zot:4    | Noticed an orb of fire
 65041 | Zot:4    | Gained mutation: You are frail. (-10% HP) [an orb of fire]
 65046 | Zot:4    | Killed an orb of fire
 65559 | Zot:5    | Entered Level 5 of the Realm of Zot
 65580 | Zot:5    | Reached skill level 20 in Polearms
 66712 | Zot:5    | Noticed an ancient lich
 66720 | Zot:5    | Killed an ancient lich
 66737 | Zot:5    | Noticed an orb of fire
 66737 | Zot:5    | Noticed an orb of fire
 66737 | Zot:5    | Noticed an orb of fire
 66737 | Zot:5    | Noticed a Killer Klown
 66741 | Zot:5    | Noticed a dread lich
 66744 | Zot:5    | Killed an orb of fire
 66744 | Zot:5    | Noticed an orb of fire
 66746 | Zot:5    | Gained mutation: Your spells are a little easier to cast,
                  | but a little less powerful. [an orb of fire]
 66747 | Zot:5    | Noticed a Killer Klown
 66748 | Zot:5    | Killed a dread lich
 66751 | Zot:5    | Killed an orb of fire
 66754 | Zot:5    | Killed a Killer Klown
 66759 | Zot:5    | Killed a Killer Klown
 67036 | Zot:5    | Noticed an ancient lich
 67047 | Zot:5    | Killed an orb of fire
 67051 | Zot:5    | Killed an ancient lich
 67072 | Zot:5    | Noticed a dread lich
 67078 | Zot:5    | Killed a dread lich
 67133 | Zot:5    | Noticed a Killer Klown
 67136 | Zot:5    | Noticed an orb of fire
 67156 | Zot:5    | Gained mutation: Your spells are easier to cast, but less
                  | powerful. [an orb of fire]
 67160 | Zot:5    | Killed an orb of fire
 67162 | Zot:5    | Killed a Killer Klown
 67338 | Zot:5    | Killed an orb of fire
 67386 | Zot:5    | Noticed a Killer Klown
 67389 | Zot:5    | Noticed a dread lich
 67397 | Zot:5    | Killed a dread lich
 67401 | Zot:5    | Killed a Killer Klown
 67764 | Zot:5    | Identified the +9 rapier "Nojius" {freeze, *Corrode rElec
                  | Dex+4}
 67835 | Zot:5    | Got the Orb of Zot
 68345 | D:9      | Reached skill level 15 in Evocations
 68465 | D:5      | Noticed Nuabiw the pandemonium lord
 68469 | D:5      | Killed Nuabiw the pandemonium lord
 68527 | D:3      | Noticed Juzek the pandemonium lord
 68583 | D:$      | Escaped with the Orb!

Illustrated notes

Levels and vault maps discovered:
D:1:      dpeg_arrival_windows_large_door, layout_basic, st_stairs_3,
          minivault_23, kennysheep_doodads, minivault_25
D:2:      minmay_inner_zag, layout_basic, uniq_crazy_yiuf_cottage
D:3:      layout_loops_corners, fedhas_altar_3, portal_sewer_entry_f,
          gammafunk_ghost_stat_death, serial_undead, serial_undead_d,
          serial_undead_d, serial_undead_c, serial_undead_c,
          lexackson_kobold_supper
D:4:      layout_basic, serial_shops, nicolae_stop_n_shop_2,
          gup_ossuary_entry_pyramid
D:5:      layout_cave_pools, minmay_temple_entry_large_hall,
          nicolae_figureground_sparkle, uniq_pikel
D:6:      layout_cave_pools, serial_shops, nicolae_shop_crystal, st_stairs_4,
          dreamdust_princess_corridor, uniq_grinder, uniq_duvessa
D:7:      minmay_razor_zed, layout_basic, okawaru_trees_1,
          chequers_serial_rivers_marsh
D:8:      layout_basic, kennysheep_mini_moat, lemuel_doored_altar
D:9:      layout_layer_cave, minitemple, david_orc_1_choice,
          chequers_serial_rivers_micro_c, serial_bayou_pond_d,
          serial_park_tiny_2, minivault_13
D:10:     layout_roguey, nemelex_xobeh_ov_fountains_minmay, serial_bayou,
          serial_bayou_pond_e, serial_bayou_lagoon_b, serial_bayou_crossing,
          serial_bayou_shore_b, serial_bayou_lagoon_a, hex_intersection,
          uniq_joseph
D:11:     layout_rooms, dpeg_lair_monsters
D:12:     layout_loops_cross, nicolae_shop_overcharged_wands
D:13:     layout_cave_pods, david_vaults_4
D:14:     layout_basic, portal_ice_cave_entry_pillars_four, cheibriados_altar_1,
          uniq_lodul
D:15:     gammafunk_enter_depths_forms, layout_basic, chequers_big_river,
          dk_noncrumbling_4, st_stairs_6
Temple:   minmay_temple_forest_path
Lair:1:   layout_loops_ring
Lair:2:   layout_misc_corridors, gauntlet_entry_generic, lemuel_fruit_tree,
          infiniplex_staircase_pool_2
Lair:3:   layout_gridlike, minmay_shoals_entry_hut,
          nicolae_spider_entry_tight_spaces
Lair:4:   layout_gridlike, st_stairs_9, pdpol_lair_neglected_garden
Lair:5:   hangedman_lair_caniforms_friends, layout_cave_pods,
          hangedman_lair_in_review, slime_entry_1, basic_altar, pond
Shoals:1: layout_shoals, serial_shops, nicolae_shop_tiny_real_fake_doors
Shoals:2: layout_shoals, nicolae_shoals_siren_and_animal_friends
Shoals:3: layout_shoals, uniq_donald
Shoals:4: shoals_end_hangedman, layout_shoals, serial_shops, shop
Spider:1: layout_chambers
Spider:2: cheibrodos_forgotten_conduit, spiders_nest_hornet_nest, uniq_agnes
Spider:3: layout_spider_delve, nicolae_spider_wall_of_niches, uniq_arachne
Spider:4: hellmonk_spider_rune_endless_swarm,
          hangedman_spider_tarantella_strand, uniq_kirke
Orc:1:    layout_caves
Orc:2:    grunt_orc_cross, layout_diamond_mine, nicolae_volcano_entry_vermiform,
          basic_altar
Elf:1:    minmay_elf_arrival_summoners, layout_loops_cross,
          gammafunk_ghost_split, minmay_elf_annihilation, minivault_14
Elf:2:    elven_hall_of_blades_hangedman_alternative
          [mumra_blade_entry_bloodbath], layout_loops_ring, minmay_shop_grove,
          uniq_roxanne
Elf:3:    elf_hall, layout_loops_ring, basic_altar,
          nicolae_trove_entry_diagonal, ebering_ghost_inner_flame, serial_shops,
          bzr_entry_lakeside, onia_ninara_cookie
Vaults:1: vaults_room_semicircle, nicolae_vaults_network_periphery, v_misc_22,
          nicolae_vaults_door_testing_chamber, nicolae_vaults_arrows, v_misc_8,
          vaults_mumra_minichess_inversion, v_misc_8, st_cross,
          nicolae_vaults_storage_room_water, nicolae_vaults_wine_cellar,
          nicolae_vaults_gold_heap, nicolae_vaults_storage_closets_2,
          layout_vaults_big_cross, serial_shops, nicolae_shop_hallway_plus
Vaults:2: hellmonk_ghost_happy_afterlife, vaults_mumra_chevron,
          nicolae_vaults_ninety_degrees, nicolae_vaults_tetromino_Z_1,
          vaults_room_corners, hangedman_vaults_river_flow,
          nicolae_vaults_mini_display_case, nicolae_vaults_apartment_2,
          nicolae_vaults_offset_grid_hallway_3, blue_anna_dwarven_crypt,
          layout_vaults_chaotic_city
Vaults:3: portal_desolation_entry_ruin, vaults_dpeg_diagonal, v_misc_10,
          nicolae_vaults_surprise_closet, ontoclasm_vaults_eye,
          nicolae_vaults_variable_pillar_hall, layout_vaults_quadrants,
          serial_shops, shop, uniq_mennas
Vaults:4: nicolae_vaults_frosty_reception, hangedman_vaults_impose,
          nicolae_vaults_prndl, v_alt_pattern_1, hangedman_vaults_locks,
          nicolae_vaults_storage_room_doors, nicolae_vaults_angled_halls,
          nicolae_vaults_swerve, nicolae_vaults_tetromino_L_2,
          layout_vaults_omnibox, uniq_margery
Vaults:5: uniq_mara, uniq_bai_suzhen, uniq_boris
Depths:1: minmay_four_inscribed_fans, layout_gridlike, enter_ziggurat_d,
          nicolae_abyss_entry_one_way_or_another, serial_shops,
          nicolae_take_the_stairs, hell_entry, kennysheep_generic_room_8
Depths:2: kennysheep_ambush_hall, layout_basic,
          nicolae_dithmenos_through_a_glass_darkly,
          abyss_entry_small_statue_room, hell_entry, rand_demon_pan_entry_4,
          kennysheep_nondescript, xom_redecorated, infiniplex_staircase_x
Depths:3: minmay_slanted_spiral_squares, layout_cave_pools,
          grunt_hell_entry_dis_old, serial_shops, nicolae_shop_hallway_stairs,
          minmay_room_of_horrors, infiniplex_staircase_zigzag_1, firewood_loft,
          grunt_megastairs_4, uniq_saint_roka
Depths:4: evilmike_zot_entry_argh, layout_gridlike, pf_hell_entry_tar_spiral,
          minmay_misc_feat_alley, beargit_elvish_explorers
Zot:1:    layout_basic, hangedman_zot_decor_checkerboard
Zot:2:    lemuel_firehouse, layout_onion, lemuel_baited_zot_trap,
          nicolae_transporter_circle
Zot:3:    evilmike_crystal_ball_defense, layout_cellular_growth
Zot:4:    layout_twisted_circle
Zot:5:    layout_gridlike

Skill      XL: |  1  2  3  4  5  6  7  8  9 10 11 12 13 14 15 16 17 18 19 20 21 22 23 24 25 26 27 |
---------------+----------------------------------------------------------------------------------+-----
Polearms       | 3 4 6 8 9 11 14 16 17 18 19 20 | 20.1
Fighting       | 4 5 7 9 10 11 13 14 15 17 | 17.1
Throwing       | 2 4 5 6 7 8 9 10 11 13 | 13.7
Armour         | 4 5 7 9 10 11 13 14 15 16 18 | 18.2
Shields        | 5 6 8 9 10 | 10.0
Evocations     | 2 4 5 6 8 10 11 12 15 | 15.0
Invocations    | 3 5 6 8 10 13 | 13.8
Dodging        | 3 5 7 8 10 11 12 13 | 13.4
Earth Magic    | 4 6 9 12 13 | 13.3
Spellcasting   | 4 5 7 9 |  9.0
Necromancy     | 3 5 6 |  6.2
Conjurations   | 4 7 10 12 13 15 17 | 17.2
Summonings     | 4 7 11 13 14 16 18 | 18.6

Action                     |  1- 3 |  4- 6 |  7- 9 | 10-12 | 13-15 | 16-18 | 19-21 | 22-24 | 25-27 || total
---------------------------+-------+-------+-------+-------+-------+-------+-------+-------+-------++-------
  Melee: Trident           |    85 |   179 |   511 |   424 |       |       |       |       |       ||  1199
         Glaive            |       |       |       |   122 |   516 |   690 |   780 |   809 |  1299 ||  4216
  Throw: Javelin           |       |       |       |     1 |       |       |       |    13 |       ||    14
         Dart              |       |       |       |       |       |       |       |     1 |       ||     1
   Cast: Borgnjor's Vile C |       |       |       |       |       |       |       |    33 |     6 ||    39
         Spellforged Servi |       |       |       |       |       |       |       |       |    10 ||    10
 Invoke: Slouch            |       |       |       |       |     3 |     6 |     3 |     1 |    12 ||    25
         Temporal Distorti |       |       |       |       |       |     1 |     5 |     2 |     6 ||    14
         Step From Time    |       |       |       |       |       |       |       |     1 |       ||     1
Ability: Dig               |       |     1 |     7 |     2 |    12 |     8 |    10 |     1 |     9 ||    50
  Evoke: Wand              |       |       |       |     9 |     3 |       |       |     2 |       ||    14
    Use: Potion            |       |     4 |     3 |     1 |     1 |       |       |     3 |     9 ||    21
         Scroll            |       |       |     9 |    12 |    10 |     3 |     2 |     6 |    18 ||    60
   Stab: Sleeping          |       |     1 |     3 |    10 |       |       |       |       |     4 ||    18
         Distracted        |       |       |     1 |     1 |    12 |    11 |    19 |    27 |    40 ||   111
         Confused          |       |       |       |       |       |       |       |       |     1 ||     1
 Armour: Scale mail        |    24 |     3 |       |       |       |       |       |       |       ||    27
         Ring mail         |       |    46 |   116 |   146 |     1 |       |       |       |       ||   309
         Skin              |       |       |     8 |     1 |       |       |       |       |       ||     9
         Chain mail        |       |       |       |       |   107 |     1 |       |       |       ||   108
         Plate armour      |       |       |       |       |       |   157 |   175 |   238 |   199 ||   769
         Shadow dragon sca |       |       |       |       |       |       |       |       |   148 ||   148
         Gold dragon scale |       |       |       |       |       |       |       |       |    83 ||    83
  Dodge: Dodged            |    28 |    55 |   117 |   176 |   145 |   247 |   343 |   459 |   889 ||  2459
         Repelled          |       |       |       |       |       |       |    19 |    12 |    48 ||    79
  Block: Buckler           |    11 |    28 |   124 |   295 |    93 |       |       |       |       ||   551
         Reflection        |       |       |     2 |    23 |     9 |    40 |    98 |    27 |    29 ||   228
         Kite shield       |       |       |       |       |   196 |   534 |   540 |   435 |   692 ||  2397
